 Dungeon Crawl Stone Soup version 0.29.1-1-gd02db6906a (webtiles) character file.

Game seed: 4609634933278681745

102 Araneus the Sneak (level 4, 0/23 HPs)
             Began as a Vine Stalker Brigand on Oct 1, 2022.
             Slain by a goblin
             ... wielding a +3 dagger of venom
              (1 damage)
             ... on level 3 of the Dungeon.
             The game lasted 00:04:49 (1670 turns).

Araneus the Sneak (Vine Stalker Brigand)            Turns: 1670, Time: 00:04:49

Health: 0/23       AC:  6    Str: 13    XL:     4   Next: 77%
Magic:  0/5        EV: 11    Int: 15    God:
Gold:   141        SH:  0    Dex: 21    Spells: 3/3 levels left

rFire   . . .      SeeInvis .   a - +2 dagger
rCold   + . .      Faith    .   (no shield)
rNeg    . . .      Spirit   +   u - +2 robe "Ofank" {rC+ Will+ Int+4 Dex+3}
rPois   .          Reflect  .   (no helmet)
rElec   .          Harm     .   c - +0 cloak
rCorr   .          Rampage  .   (no gloves)
Will    +....                   i - +0 pair of boots
Stlth   ++++......              (no amulet)
HPRegen 0.87/turn               (no ring)
MPRegen 0.09/turn               (no ring)

@: lethally poisoned (0 -> -6)
A: fangs 2, regeneration 1, magic shield, antimagic bite, no potion heal 2
a: no special abilities


You were on level 3 of the Dungeon.
You visited 1 branch of the dungeon, and saw 3 of its levels.

You collected 141 gold pieces.

Inventory:

Hand Weapons
 a - a +2 dagger (weapon)
Missiles
 d - 9 poisoned darts (quivered)
 e - 3 curare-tipped darts
Armour
 c - a +0 cloak (worn)
 i - a +0 pair of boots (worn)
 u - the +2 robe "Ofank" (worn) {rC+ Will+ Int+4 Dex+3}
   (You found it on level 2 of the Dungeon)

   Int:       It affects your intelligence (+4).
   Dex:       It affects your dexterity (+3).
   rC:        It protects you from cold.
   Will:      It increases your willpower.
Jewellery
 q - a ring of fire
Wands
 b - a wand of paralysis (6)
Scrolls
 f - a scroll of poison {unknown}
 g - a scroll of silence {unknown}
 h - a scroll of summoning
 l - a scroll of vulnerability {unknown}
 m - 3 scrolls of fog {unknown}
 n - 3 scrolls of identify {unknown}
 p - a scroll of torment {unknown}
 r - a scroll of immolation {unknown}
 s - a scroll of blinking {unknown}
 t - a scroll of fear {unknown}
Potions
 j - 2 potions of curing {unknown}
 k - a potion of heal wounds
 o - a potion of ambrosia {unknown}


   Skills:
 - Level 1.7 Fighting
 + Level 2.3 Short Blades
 - Level 1.7 Throwing
 - Level 0.7 Dodging
 + Level 7.2 Stealth


You had 3 spell levels left.
You didn't know any spells.
Your spell library was empty.

Dungeon Overview and Level Annotations

Branches:
Dungeon (3/15)

Altars:


Innate Abilities, Weirdness & Mutations

You have extremely sharp teeth.
Your natural rate of healing is unusually fast.
When hurt, damage is shared between your health and your magic reserves.
Your bite disrupts and absorbs the magic of your enemies.
Potions cannot restore your health.


Message History

You feel sick.
You are no longer poisoned.
The goblin hits you with a +3 dagger of venom.
You closely miss the goblin. The goblin barely misses you.
You barely miss the adder. The adder bites you. The adder closely misses you.
The goblin hits you but does no damage.
You are poisoned.
You puncture the adder!
The adder is severely wounded.
You feel very sick. The adder bites you.
You hit the adder.
The adder is almost dead.
You feel sick.
The goblin hits you with a +3 dagger of venom.
You are more poisoned.
The adder bites you but does no damage.
You are too injured to fight recklessly!
You feel very sick.
Unknown command.
The adder attacks as you move away! The adder bites you.
* * * LOW HITPOINT WARNING * * *
You feel very sick. The adder closely misses you.
You feel sick.
It was a potion of heal wounds.
That seemed strangely inert.
You feel sick. The goblin closely misses you. The adder bites you.
* * * LOW HITPOINT WARNING * * *
Okay, then.
As you read the scroll labelled FOFINL FYURPH, it crumbles to dust.
Wisps of shadow whirl around you...
It was a scroll of summoning.
You feel sick. The adder bites you.
* * * LOW HITPOINT WARNING * * *
The goblin hits you with a +3 dagger of venom.
You are more poisoned.
The adder closely misses you. The adder attacks as you move away!
The adder bites you. The goblin attacks as you move away!
The goblin hits you with a +3 dagger of venom.
You die...

##..?.....#
......... .
##....#.##..
######...........
$........!†.......
...............#
....##.##......#
..g...g.g.....#
###g..gS@S.....#
.....#.........#
.. ###.....g##..##
..###............#
##
......#..#######.#
#. ........##
#.###. ........##
..... ...>.....#
#... ###
.........#
##..###..


You could see an adder (ally target), a goblin (ally target), 4 friendly gnolls,
a friendly adder (summoned) and a friendly goblin (summoned).

Vanquished Creatures
  Natasha (D:3)
  5 adders
  3 bats
  4 endoplasms
  A giant cockroach (D:2)
  3 hobgoblins
  A kobold (D:1)
  2 quokkas
  8 ball pythons
  A frilled lizard (D:3)
  5 rats
34 creatures vanquished.

Notes
Turn   | Place    | Note
-------+----------+-------------------------------------------
     0 | D:1      | Araneus the Vine Stalker Brigand began the quest for the
                  | Orb.
     0 | D:1      | Reached XP level 1. HP: 11/11 MP: 2/2
    29 | D:1      | Reached skill level 5 in Stealth
   354 | D:1      | Reached XP level 2. HP: 15/15 MP: 3/3
   783 | D:2      | Reached skill level 6 in Stealth
   783 | D:2      | Reached XP level 3. HP: 14/18 MP: 4/4
   996 | D:2      | Found a faded altar of an unknown god.
   997 | D:2      | Noticed a golden eye
   999 | D:2      | Noticed a great orb of eyes
   999 | D:2      | Noticed a floating eye
   999 | D:2      | Noticed an eye of devastation
  1302 | D:2      | Identified the +2 robe "Ofank" {rC+ Will+ Int+4 Dex+3}
  1564 | D:3      | Gained mutation: Your natural rate of healing is unusually
                  | fast. [Vine Stalker growth]
  1564 | D:3      | Reached XP level 4. HP: 23/23 MP: 5/5
  1581 | D:3      | Noticed Natasha
  1586 | D:3      | Killed Natasha
  1587 | D:3      | Reached skill level 7 in Stealth
  1669 | D:3      | HP: 1/23 [adder (1)]
  1670 | D:3      | Slain by a goblin

Illustrated notes

Levels and vault maps discovered:
D:1:      elethiomel_arrival_quiet, layout_basic
D:2:      layout_basic, hellmonk_ecumenical_altar_watching_god
D:3:      cheibrodos_fertilizer, layout_rooms, minmay_misc_feat_x, uniq_natasha

Skill      XL: |  1  2  3  4 |
---------------+-------------+-----
Stealth        | 5 6 7 |  7.2
Short Blades   | 2 |  2.3
Fighting       | |  1.7
Throwing       | |  1.7
Dodging        | |  0.7

Action                   |  1- 3 |  4- 6 || total
-------------------------+-------+-------++-------
Melee: Dagger            |    51 |    26 ||    77
       Bite              |     8 |     4 ||    12
  Use: Scroll            |       |     1 ||     1
       Potion            |       |     1 ||     1
 Stab: Sleeping          |    12 |     3 ||    15
Armor: Robe              |    11 |     7 ||    18
Dodge: Dodged            |    32 |    13 ||    45
